AoeStats
← mneubourg

Arena

509822302Analyzed
1v1 RM · 5d ago on Sep 28, 2026· 37m 50s· 2 players
Game mode
Random Map
Map size
Tiny (2 player)
Population
200
Speed
Normal
Resources
Standard
Victory
Conquest
Starting age
Dark Age
Ending age
Imperial Age
RankedLock teamsTeams togetherTeam positionsShared explorationLock speedFull tech treeHidden civsTurbo modeCheats
Victory
Defeat
🇧🇪 Wu · Belgium
820
+14
🇨🇳 Saxons · China
769
-14
hibiki
11:30 Feudal Age
13:11 Double-Bit Axe
13:09 Horse Collar
16:13 Castle Age
15:40 Stone Mining
15:46 Gold Mining
16:08 Stone Mining
mneubourg
11:02 Feudal Age
9:19 Loom
12:45 Wheelbarrow
11:56 Horse Collar
17:48 Castle Age
16:11 Double-Bit Axe
17:25 Stone Mining
21:49 Heavy Plow
23:30 Fletching
27:37 Murder Holes
27:40 Bodkin Arrow
29:23 Gold Mining
30:17 Padded Archer Armor
37:21 Imperial Age
36:42 Leather Archer Armor
Connection lost

Rejoining the realm…

Still unreachable

The connection could not be restored.

Session expired

The server has moved on; the page needs a fresh start.